 Dungeon Crawl Stone Soup version 0.18.1-48-g4cf74bf (webtiles) character file.

96 Krapule the Insei (level 4, -11/24 HPs)
             Began as a Vine Stalker Monk on July 25, 2016.
             Mangled by a two-headed ogre
             ... wielding a +0 giant club
              (14 damage)
             ... on level 3 of the Dungeon.
             The game lasted 00:04:26 (1891 turns).

Krapule the Insei (Vine Stalker Monk)               Turns: 1891, Time: 00:04:30

Health: -11/24     AC:  6    Str: 14    XL:     4   Next: 67%
Magic:  0/5        EV: 13    Int: 10    God:
Gold:   194        SH:  0    Dex: 17    Spells: 0 memorised, 3 levels left

rFire  . . .     SeeInvis .       - Unarmed
rCold  . . .     Gourm    .     a - +0 robe
rNeg   . . .     Faith    .     (no shield)
rPois  .         Spirit   +     (no helmet)
rElec  .         Dismiss  .     (no cloak)
rCorr  .         Reflect  .     c - +2 pair of gloves {archery}
SustAt .         Harm     .     e - +0 pair of boots
MR     .....                    (no amulet)
Stlth  +++.......               (no ring)
                                (no ring)

@: not resistant to hostile enchantments, fairly stealthy
A: fangs 2, regeneration 1, magic shield, antimagic bite, no device heal 3, rot
immunity
a: no special abilities


You were on level 3 of the Dungeon.
You were very hungry.

You visited 1 branch of the dungeon, and saw 3 of its levels.

You collected 194 gold pieces.

Inventory:

Armour
 a - a +0 robe (worn)
 c - a +2 pair of gloves of archery (worn)
 e - a +0 pair of boots (worn)
Scrolls
 d - 3 scrolls of enchant armour {unknown}
 f - 3 scrolls of magic mapping {unknown}
 m - a scroll of remove curse {unknown}
 n - a scroll of amnesia {unknown}
Potions
 h - 2 potions of degeneration {unknown}
 i - a potion of ambrosia {unknown}
 j - 2 potions of mutation {unknown}
Books
 k - a book of Conjurations

   Spells                             Type                      Level
   a - Magic Dart                     Conjuration                  1
   b - Searing Ray                    Conjuration                  2
   c - Dazzling Spray                 Conjuration/Hexes            3
   d - Fulminant Prism                Conjuration/Hexes            4
   e - Iskenderun's Mystic Blast      Conjuration                  4
   f - Iskenderun's Battlesphere      Conjuration/Charms           5
 o - a book of Beasts

   Spells                             Type                      Level
   a - Summon Butterflies             Summoning                    1
   b - Call Canine Familiar           Summoning                    3
   c - Summon Ice Beast               Ice/Summoning                4
   d - Summon Mana Viper              Hexes/Summoning              5
   e - Summon Hydra                   Summoning                    7
Comestibles
 b - 3 bread rations
 g - 2 beef jerkies
 l - a meat ration


   Skills:
 + Level 3.3 Fighting
 + Level 3.0 Dodging
 + Level 3.4 Stealth
 + Level 4.5 Unarmed Combat


You had 3 spell levels left.
You didn't know any spells.

Dungeon Overview and Level Annotations

Branches:
Dungeon (3/15)

Altars:
Elyvilon


Innate Abilities, Weirdness & Mutations

You have extremely sharp teeth.
Your natural rate of healing is unusually fast.
When hurt, damage is shared between your health and your magic reserves.
Your bite disrupts and absorbs the magic of your enemies.
Potions and wands cannot restore your health.
You are immune to rotting.


Message History

You closely miss the orc. You bite the orc, but do no damage.
The orc barely misses you.
You hit the orc but do no damage. You punch the orc!
You kill the orc!
You hit the two-headed ogre.
You bite the two-headed ogre, but do no damage.
The two-headed ogre is lightly wounded.
The two-headed ogre hits you with a giant club!
The two-headed ogre barely misses you.
Found a royal jelly.
Found a scroll labeled HYALEG NEH OQU.
You hit the two-headed ogre.
The two-headed ogre is moderately wounded.
The two-headed ogre hits you with a giant club!
Ouch! That really hurt!
* * * LOW HITPOINT WARNING * * *
The two-headed ogre hits you with a giant club!
Ouch! That really hurt!
You die...

#..... #?... ###
#.... ##.. #...
#... #... #...
#..# #... #%.#
+... #@# #... #O#
#... #.# #... #.#
#.## #.# #.#
#.###### #.#
#.##...# ####.#
#.##.#.# #....#
#.##.#)#####'#####


You could see a two-headed ogre.

Vanquished Creatures
  2 adders (D:2)
  A gnoll (D:1)
  2 dart slugs
  5 giant geckos
  5 orcs (D:3)
  9 bats
  A giant cockroach (D:1)
  5 goblins
  5 hobgoblins
  2 jackals (D:3)
  A ball python (D:3)
  3 giant newts
  6 kobolds
  6 rats
53 creatures vanquished.

Notes
Turn   | Place    | Note
--------------------------------------------------------------
     0 | D:1      | Krapule the Vine Stalker Monk began the quest for the Orb.
     0 | D:1      | Reached XP level 1. HP: 11/11 MP: 2/2
    98 | D:1      | Reached XP level 2. HP: 16/16 MP: 3/3
   298 | D:1      | Reached XP level 3. HP: 7/19 MP: 2/4
  1125 | D:2      | Found a white marble altar of Elyvilon.
  1226 | D:2      | Reached XP level 4. HP: 24/24 MP: 5/5
  1841 | D:3      | Noticed a two-headed ogre
  1891 | D:3      | Mangled by a two-headed ogre

Skill      XL: |  1  2  3  4 |
---------------+-------------+-----
Stealth        | 3 |  3.4
Fighting       | 3 |  3.3
Dodging        | 3 |  3.0
Unarmed Combat | |  4.5

Action                   |  1- 3 |  4- 6 || total
-------------------------+-------+-------++-------
Melee: Unarmed           |    85 |    67 ||   152
       Bite              |    20 |    21 ||    41
       Punch             |     2 |     1 ||     3
 Stab: Sleeping          |     8 |     4 ||    12
  Eat: Chunk             |     1 |     1 ||     2
Armor: Robe              |    28 |    13 ||    41
Dodge: Dodged            |    41 |    43 ||    84
